 Dungeon Crawl Stone Soup version 0.29.1-12-g30fa7ad0bf (webtiles) character file.

Game seed: 18063013745409946081

422 retardedninja the Covered (level 6, -1/56 HPs)
             Began as a Minotaur Fighter on Jan 17, 2023.
             Slain by an iguana (7 damage)
             ... on level 4 of the Dungeon.
             The game lasted 00:04:58 (4753 turns).

retardedninja the Covered (Minotaur Fighter)        Turns: 4753, Time: 00:04:58

Health: -1/56      AC:  7    Str: 22    XL:     6   Next: 63%
Magic:  5/5        EV:  9    Int:  5    God:
Gold:   208        SH:  5    Dex: 10    Spells: 5/5 levels left

rFire   . . .      SeeInvis .   a - +0 war axe
rCold   . . .      Faith    .   c - +0 buckler
rNeg    . . .      Spirit   .   b - +0 scale mail
rPois   .          Reflect  .   (helmet restricted)
rElec   .          Harm     .   (no cloak)
rCorr   .          Rampage  .   (no gloves)
Will    .....                   (no boots)
Stlth   ..........              (no amulet)
HPRegen 0.18/turn               (no ring)
MPRegen 0.09/turn               (no ring)

@: mighty, lit by a corona, glowing
A: horns 2, retaliatory headbutt
a: no special abilities


You were on level 4 of the Dungeon.
You visited 1 branch of the dungeon, and saw 4 of its levels.

You collected 208 gold pieces.

Inventory:

Hand Weapons
 a - a +0 war axe (weapon)
Missiles
 f - a javelin (quivered)
Armour
 b - a +0 scale mail (worn)
 c - a +0 buckler (worn)
Wands
 r - a wand of charming (10)
Scrolls
 e - a scroll of identify
 j - 2 scrolls of teleportation {unknown}
 k - a scroll of blinking {unknown}
 m - a scroll of amnesia {unknown}
 p - a scroll of fog {unknown}
 q - 3 scrolls of fear
 s - a scroll of poison {unknown}
Potions
 g - a potion of degeneration {unknown}
 h - a potion of ambrosia
 i - a potion of curing
 l - a potion of haste {unknown}
 n - a potion of berserk rage {unknown}
 o - 2 potions of mutation


   Skills:
 + Level 5.5 Fighting
 + Level 4.7 Axes
 + Level 5.5 Armour
 + Level 5.4 Shields


You had 5 spell levels left.
You didn't know any spells.
Your spell library contained the following spells:

 Spells                   Type           Power      Damage    Failure   Level
 Magic Dart               Conj           0%         1d3       86%         1
 Necrotise                Necr           0%         1d4       86%         1
 Searing Ray              Conj           0%         2d4       95%         2
 Vampiric Draining        Necr           0%         2d6       99%         3
 Fulminant Prism          Conj/Hex       0%         3d6       100%        4
 Agony                    Necr           0%         N/A       100%        5


Dungeon Overview and Level Annotations

Branches:
Dungeon (4/15)
 Temple: D:4-7

Altars:
Ashenzari
Fedhas
Kikubaaqudgha
Okawaru
Yredelemnul
The Shining One


Innate Abilities, Weirdness & Mutations

You have a pair of horns on your head.
You reflexively headbutt those who attack you in melee.


Message History

The iguana hisses angrily.
Your headbutt misses Duvessa. You slash Dowan! Duvessa completely misses you.
You furiously retaliate!
You headbutt Duvessa! You block Dowan's attack.
You slash Duvessa!
Duvessa is severely wounded.
You slash Dowan! Duvessa barely misses you. Dowan closely misses you.
You completely miss Duvessa. Your headbutt misses Duvessa.
Duvessa is severely wounded.
You closely miss Dowan. Duvessa hits you with a +0 short sword.
Dowan hits you but does no damage. Duvessa closely misses you.
Dowan points at you and mumbles some strange words.
The puff of frost hits you.
You barely miss Duvessa. You headbutt Duvessa!
You kill Duvessa!
Dowan screams, "No!
Oh no!"
Dowan seems to find hidden reserves of power!
You hit Dowan. You block Dowan's attack.
Dowan hits you with a +0 dagger. x2; The iguana barely misses you.
Things that are here:
a +0 short sword; a +0 leather armour of poison resistance; a glowing pink potion You closely miss Dowan.
Your headbutt misses Dowan.
Dowan is almost dead.
You closely miss the iguana.
Dowan gestures wildly while chanting.
Dowan blinks!
The iguana bites you! You block the iguana's attack.
Found 15 gold pieces.
The iguana bites you but does no damage.
You barely miss Dowan. Your headbutt misses Dowan.
Dowan is almost dead.
You closely miss the iguana. Dowan hits you with a +0 dagger.
The iguana bites you!
* * * LOW HITPOINT WARNING * * *
Dowan barely misses you.
You slash Dowan!
You kill Dowan!
You slash the iguana! The iguana bites you!
* * * LOW HITPOINT WARNING * * *
The iguana bites you!
You die...

#### ####
############... .....
#............####.....
#.#####..#..>.@)......
###.# #....#.#...l......
....# #....#.#..)##.....
.#########.#.#.####.....
)#####.....#............
.))..#.###........#####$
###.##.# #........#
#....# ##.......# ######
#.......#


You could see an iguana.

Vanquished Creatures
  Duvessa (D:4)
  A scorpion (D:2)
  Dowan (D:4)
  A jelly (D:4)
  An orc priest (D:4)
  An iguana (D:4)
  3 gnolls (D:4)
  6 adders
  2 worms (D:2)
  3 dart slugs
  4 orcs (D:4)
  3 bats
  9 endoplasms
  3 giant cockroaches
  5 goblins
  7 hobgoblins
  3 jackals (D:3)
  4 quokkas
  11 ball pythons
  2 frilled lizards
  7 kobolds
  4 rats
82 creatures vanquished.

Vanquished Creatures (others)
  A human (D:3)
  5 toadstools (D:1)
6 creatures vanquished.

Grand Total: 88 creatures vanquished

Notes
Turn   | Place    | Note
-------+----------+-------------------------------------------
     0 | D:1      | retardedninja the Minotaur Fighter began the quest for the
                  | Orb.
     0 | D:1      | Reached XP level 1. HP: 19/19 MP: 0/0
   306 | D:1      | Reached XP level 2. HP: 27/27 MP: 1/1
   947 | D:2      | Reached XP level 3. HP: 32/33 MP: 2/2
  1065 | D:2      | Noticed a scorpion
  1070 | D:2      | Killed a scorpion
  1071 | D:2      | Reached XP level 4. HP: 26/41 MP: 3/3
  2209 | D:3      | Reached XP level 5. HP: 39/47 MP: 4/4
  2280 | D:3      | Found a glowing golden altar of the Shining One.
  2282 | D:3      | Noticed an angel
  2326 | D:3      | Found a large runed translucent door.
  2327 | D:3      | Found a large runed translucent door.
  2398 | D:3      | Found a faded altar of an unknown god.
  2443 | D:3      | Found a basalt altar of Yredelemnul.
  2507 | D:3      | Noticed a profane servitor
  2527 | D:3      | HP: 2/47 [poison (dark miasma)]
  3726 | D:3      | Found an ancient bone altar of Kikubaaqudgha.
  3727 | D:3      | Noticed a human
  3729 | D:3      | Killed a human
  3832 | D:3      | Found a blossoming altar of Fedhas.
  3846 | D:3      | Found a broken altar of Ashenzari.
  3972 | D:4      | Reached skill level 5 in Fighting
  3972 | D:4      | Reached skill level 5 in Armour
  3972 | D:4      | Reached skill level 5 in Shields
  4205 | D:4      | Found an iron altar of Okawaru.
  4281 | D:4      | Reached XP level 6. HP: 20/56 MP: 5/5
  4738 | D:4      | Noticed Dowan
  4739 | D:4      | Noticed Duvessa
  4747 | D:4      | Killed Duvessa
  4753 | D:4      | Killed Dowan
  4753 | D:4      | Slain by an iguana

Illustrated notes

Levels and vault maps discovered:
D:1:      ldierk_walled_garden, layout_loops_corners
D:2:      layout_loops_ring
D:3:      layout_basic, grunt_temple_overflow_holy_war, tgw_kikubaaqudgha,
          jmf_multi_god_temple2, ebering_ecumenical_altar_abandoned,
          nicolae_eternal_life, minmay_misc_feat_x
D:4:      layout_basic, mainiacjoe_overflow_brackets, uniq_duvessa

Skill      XL: |  1  2  3  4  5 |
---------------+----------------+-----
Shields        | 4 5 |  5.4
Armour         | 4 5 |  5.5
Fighting       | 4 5 |  5.5
Axes           | 3 4 |  4.7

Action                   |  1- 3 |  4- 6 || total
-------------------------+-------+-------++-------
Melee: War axe           |    51 |   111 ||   162
       Headbutt          |     7 |    14 ||    21
Throw: Javelin           |     3 |       ||     3
  Use: Scroll            |       |     4 ||     4
       Potion            |       |     4 ||     4
Armor: Scale mail        |    19 |    44 ||    63
Dodge: Dodged            |    23 |    68 ||    91
Block: Buckler           |     6 |    32 ||    38
